AoeStats
← Erickinio

Black Forest

508904743Analyzed
4v4 RM · 8d ago on Sep 24, 2026· 62m 38s· 8 players
Game mode
Random Map
Map size
Large (8 player)
Population
200
Speed
Normal
Resources
Standard
Victory
Conquest
Starting age
Dark Age
Ending age
Imperial Age
RankedLock teamsTeams togetherTeam positionsShared explorationLock speedFull tech treeHidden civsTurbo modeCheats
Victory
Defeat
🇬🇧 Persians · United Kingdom
1000
+45
🇮🇳 Italians · India
941
+17
🇮🇩 Turks · Indonesia
920
+18
🇦🇷 Celts · Argentina
880
+19
🇮🇱 Saxons · Israel
1019
-21
🇦🇷 Khmer · Argentina
943
-16
🇸🇰 Burgundians · Slovakia
942
-16
🇦🇷 Koreans · Argentina
941
-29
Adamer64
1:33 Loom
11:25 Feudal Age
18:48 Castle Age
16:54 Double-Bit Axe
19:02 Bow Saw
18:59 Stone Mining
21:41 Gold Mining
22:13 Horse Collar
23:28 Fletching
24:26 Wheelbarrow
24:31 Scale Barding Armor
24:29 Husbandry
24:50 Bodkin Arrow
27:01 Heavy Plow
27:29 Squires
27:32 Scale Mail Armor
28:45 Chain Mail Armor
29:33 Gold Shaft Mining
29:35 Forging
29:54 Hand Cart
31:10 Two-Man Saw
31:00 Arson
31:52 Iron Casting
33:15 Chain Barding Armor
37:04 Imperial Age
35:35 Masonry
35:28 Town Watch
36:36 Burgundian Vineyards
37:30 Ballistics
39:08 Plate Barding Armor
40:12 Chemistry
39:45 Conscription
40:23 Crop Rotation
40:56 Plate Mail Armor
42:07 Blast Furnace
42:07 Bracer
45:15 Elite Skirmisher
46:02 Padded Archer Armor
47:02 Leather Archer Armor
53:29 Caravan
54:03 Treadmill Crane
55:02 Cavalier
61:21 Architecture
61:02 Paladin
Aldous Barbarossa
1:00 Loom
12:24 Feudal Age
16:58 Castle Age
20:04 Gold Mining
29:37 Wheelbarrow
30:34 Gold Shaft Mining
30:56 Crossbowman
33:45 Double-Bit Axe
34:42 Fletching
35:51 Bodkin Arrow
37:43 Forging
39:06 Ballistics
38:43 Murder Holes
40:21 Bow Saw
40:00 Elite Skirmisher
44:54 Thumb Ring
46:18 Fortified Wall
49:29 Gold Shaft Mining
50:18 Hand Cart
51:34 Caravan
57:46 Imperial Age
58:37 Bracer
60:00 Chemistry
Blazzer723
0:32 Loom
11:37 Feudal Age
12:06 Horse Collar
12:13 Double-Bit Axe
12:23 Gold Mining
18:04 Castle Age
16:04 Stone Mining
24:26 Squires
25:14 Wheelbarrow
25:46 Heavy Plow
26:01 Forging
25:52 Scale Mail Armor
31:16 Imperial Age
29:50 Hand Cart
30:07 Fletching
30:18 Padded Archer Armor
30:14 Elite Skirmisher
31:00 Thumb Ring
31:41 Bodkin Arrow
32:05 Leather Archer Armor
34:04 Bow Saw
34:34 Ballistics
34:25 Fortified Wall
34:18 Bracer
34:50 Ring Archer Armor
35:58 Crop Rotation
35:07 Crossbowman
36:44 Gold Shaft Mining
37:18 Iron Casting
37:02 Chain Mail Armor
36:41 Pikeman
37:08 Arson
37:15 Gambesons
36:53 Man-at-Arms
38:34 Conscription
39:03 Plate Mail Armor
38:06 Arbalester
38:13 Halberdier
39:21 Long Swordsman
39:24 Elite Varangian Guard
40:51 Two-Handed Swordsman
41:00 Shield Wall
42:18 Hoardings
42:32 Caravan
42:18 Champion
45:52 Elite Hearth Troop
46:19 Capped Ram
48:31 Two-Man Saw
47:21 Town Watch
48:49 Siege Ram
49:31 Heavy Scorpion
52:12 Cranequins
52:12 Heavy Mounted Crossbowman
53:03 Onager
54:50 Chemistry
53:57 Siege Engineers
53:48 Murder Holes
54:04 Masonry
53:35 Treadmill Crane
53:42 Arrowslits
54:26 Town Patrol
56:50 Clerical Recruitment
57:02 Sappers
lcnesteruk
11:42 Feudal Age
13:34 Double-Bit Axe
17:07 Castle Age
16:13 Gold Mining
16:41 Horse Collar
26:31 Gold Shaft Mining
28:10 Heavy Plow
33:04 Imperial Age
30:55 Bow Saw
31:58 Tusk Swords
32:52 Light Cavalry
33:36 Husbandry
34:24 Double Crossbow
35:36 Chemistry
35:56 Wheelbarrow
35:43 Scale Barding Armor
36:23 Bloodlines
37:13 Crop Rotation
37:20 Cavalier
39:23 Conscription
39:35 Chain Barding Armor
39:26 Forging
39:43 Hand Cart
39:32 Hussar
42:02 Iron Casting
42:05 Plate Barding Armor
41:41 Town Watch
43:36 Town Patrol
43:44 Pikeman
44:10 Arson
45:36 Halberdier
45:53 Elite Ballista Elephant
54:51 Scale Mail Armor
55:52 Blast Furnace
sfalahati
7:54 Loom
10:02 Feudal Age
10:51 Double-Bit Axe
20:48 Castle Age
21:39 Thumb Ring
21:26 Fletching
21:36 Padded Archer Armor
22:38 Crossbowman
24:50 Bow Saw
25:57 Wheelbarrow
24:52 Crossbowman
29:35 Stone Mining
29:37 Gold Mining
32:42 Hand Cart
32:13 Town Watch
33:18 Murder Holes
33:20 Fletching
33:30 Padded Archer Armor
33:41 Forging
33:37 Scale Barding Armor
33:35 Town Patrol
33:18 Horse Collar
34:17 Stone Shaft Mining
37:29 Imperial Age
35:56 Kamandaran
36:09 Heavy Plow
37:00 Gold Shaft Mining
36:49 Bodkin Arrow
37:09 Leather Archer Armor
38:15 Guilds
38:46 Conscription
39:02 Hoardings
38:58 Husbandry
39:09 Bloodlines
39:35 Caravan
41:23 Two-Man Saw
41:10 Iron Casting
40:53 Masonry
42:22 Light Cavalry
43:31 Ballistics
45:01 Chemistry
44:32 Architecture
43:47 Elite War Elephant
44:44 Citadels
44:41 Hussar
48:45 Blast Furnace
48:06 Chain Barding Armor
48:17 Ring Archer Armor
53:39 Plate Barding Armor
ddmgsxis89228
0:39 Loom
14:45 Feudal Age
19:27 Castle Age
18:44 Double-Bit Axe
27:30 Imperial Age
26:56 Bow Saw
26:50 Gold Mining
30:05 Gold Shaft Mining
29:47 Horse Collar
32:23 Wheelbarrow
31:33 Town Watch
34:38 Heavy Plow
35:08 Fortified Wall
35:13 Masonry
36:01 Hand Cart
35:47 Town Patrol
39:30 Artillery
40:01 Padded Archer Armor
40:23 Ballistics
40:35 Architecture
40:06 Murder Holes
40:33 Bombard Tower
41:11 Heavy Scorpion
44:31 Caravan
46:53 Two-Man Saw
47:38 Stone Mining
49:58 Elite Janissary
SYNC
0:34 Loom
16:49 Feudal Age
17:42 Double-Bit Axe
17:53 Gold Mining
19:51 Stone Mining
25:30 Horse Collar
29:07 Castle Age
30:54 Stone Shaft Mining
30:30 Bow Saw
31:57 Wheelbarrow
31:26 Heavy Plow
31:51 Thumb Ring
34:19 Imperial Age
33:42 Hand Cart
36:11 Chemistry
35:31 Ballistics
35:22 Fortified Wall
35:50 Padded Archer Armor
36:40 Silk Road
37:03 Conscription
37:12 Leather Archer Armor
39:49 Pirotechnia
40:41 Caravan
42:54 Ring Archer Armor
43:29 Masonry
44:01 Hoardings
46:33 Elite Skirmisher
Erickinio
11:14 Feudal Age
12:30 Double-Bit Axe
13:37 Man-at-Arms
15:35 Forging
15:20 Arson
15:26 Arson
15:39 Loom
16:35 Wheelbarrow
16:03 Scale Mail Armor
17:36 Horse Collar
26:40 Castle Age
24:59 Town Watch
25:27 Gold Mining
25:28 Stone Mining
32:47 Heavy Plow
32:35 Gambesons
35:05 Hand Cart
34:57 Pikeman
35:02 Long Swordsman
36:52 Iron Casting
37:18 Town Patrol
38:00 Murder Holes
38:27 Ballistics
38:45 Bow Saw
40:03 Chain Mail Armor
39:59 Masonry
40:03 Fortified Wall
40:18 Stronghold
41:43 Gold Shaft Mining
41:43 Stone Shaft Mining
43:56 Imperial Age
42:34 Fletching
42:45 Padded Archer Armor
44:19 Bodkin Arrow
44:39 Leather Archer Armor
43:58 Halberdier
46:07 Blast Furnace
45:31 Conscription
45:54 Heavy Scorpion
49:22 Plate Mail Armor
49:23 Furor Celtica
49:18 Two-Handed Swordsman
51:54 Elite Skirmisher
52:50 Leather Archer Armor
53:04 Onager
54:48 Chemistry
54:58 Champion
56:11 Ring Archer Armor
55:45 Siege Onager
56:47 Elite Woad Raider
62:15 Siege Engineers
Connection lost

Rejoining the realm…

Still unreachable

The connection could not be restored.

Session expired

The server has moved on; the page needs a fresh start.